 Dungeon Crawl Stone Soup version 0.29.1-12-g30fa7ad0bf (webtiles) character file.

Game seed: 16818234658361492353

82 zlionsfan the Firebug (level 4, -3/27 HPs)
             Began as an Octopode Fire Elementalist on Jan 14, 2023.
             Was a Believer of Qazlal.
             Slain by Terence
             ... wielding a +0 trident
              (12 damage)
             ... on level 3 of the Dungeon.
             The game lasted 00:05:29 (2240 turns).

zlionsfan the Firebug (Octopode Fire Elementalist)  Turns: 2240, Time: 00:05:30

Health: -3/27      AC:  1    Str:  7    XL:     4   Next: 43%
Magic:  5/7        EV: 13    Int: 19    God:    Qazlal [**....]
Gold:   101        SH:  2    Dex: 12    Spells: 5/7 levels left

rFire   . . .      SeeInvis .   c - +0 spear
rCold   . . .      Faith    .   (no shield)
rNeg    . . .      Spirit   .   (helmet restricted)
rPois   .          Reflect  .   (no amulet)
rElec   .          Harm     .   (no ring)
rCorr   .          Rampage  .   (no ring)
Will    .....                   (no ring)
Stlth   +++.......              (no ring)
HPRegen 0.09/turn               (no ring)
MPRegen 0.10/turn               (no ring)
                                (no ring)
                                (no ring)

@: no status effects
A: almost no armour, amphibious, 8 rings, camouflage 1, gelatinous body 1,
(nimble swimmer 1), tentacles
a: Renounce Religion, Upheaval


You were on level 3 of the Dungeon.
You worshipped Qazlal.
Qazlal was pleased with you.
You visited 1 branch of the dungeon, and saw 3 of its levels.

You collected 101 gold pieces.

Inventory:

Hand Weapons
 c - a +0 spear (weapon)
Missiles
 n - 4 datura-tipped darts (quivered)
Wands
 q - a wand of iceblast (3)
Scrolls
 g - a scroll of brand weapon {unknown}
 i - a scroll of enchant armour {unknown}
 j - a scroll of fog {unknown}
 k - a scroll of vulnerability {unknown}
 l - a scroll of noise {unknown}
 m - a scroll of identify {unknown}
 r - a scroll of fear {unknown}
Potions
 a - a potion of magic
 b - 2 potions of cancellation {unknown}
 d - a potion of attraction {unknown}
 e - 2 potions of haste {unknown}
 f - 2 potions of lignification {unknown}
 h - a potion of curing {unknown}
 o - a potion of invisibility {unknown}
 p - a potion of resistance {unknown}


   Skills:
 + Level 0.4 Fighting
 + Level 0.8 Polearms
 + Level 2.1 Dodging
 + Level 3.2 Stealth
 + Level 2.4 Spellcasting
 + Level 1.1 Conjurations
 * Level 4.2 Fire Magic


You had 5 spell levels left.
You knew the following spells:

 Your Spells              Type           Power      Damage    Failure   Level
a - Foxfire               Conj/Fire      48%        2x1d6     5%          1
b - Sandblast             Erth           4%         2d4       16%         1

Your spell library contained the following spells:

 Spells                   Type           Power      Damage    Failure   Level
 Scorch                   Fire           36%        2d7       4%          2
 Conjure Flame            Conj/Fire      12%        6-21      16%         3
 Inner Flame              Hex/Fire       10%        N/A       21%         3
 Passwall                 Tmut/Erth      1%         N/A       24%         2
 Sublimation of Blood     Necr           2%         N/A       24%         2
 Wereblood                Tmut           2%         N/A       24%         2
 Stone Arrow              Conj/Erth      8%         3d7       36%         3
 Flame Wave               Conj/Fire      12%        2d6       47%         4
 Summon Hydra             Summ           1%         N/A       100%        7


Dungeon Overview and Level Annotations

Branches:
Dungeon (3/15)

Altars:
Qazlal

Annotations:
D:3 Terence


Innate Abilities, Weirdness & Mutations

You cannot wear most types of armour.
You are amphibious.
You can wear up to eight rings at the same time.
Your skin changes colour to match your surroundings (Stealth+).
Your rubbery body absorbs attacks. (AC +1, EV +1)
((You are camouflaged when in or above water. (Stealth+)))
You have tentacles for arms and can constrict up to eight enemies at once.


Message History

You see here a frilled lizard corpse.
Found a chain mail.
You now have 101 gold pieces (gained 12).
q - a wand of iceblast (3)
Found a robe.
r - a scroll labelled HAROAJAROSE
Found a stone staircase leading down.
There is a stone staircase leading down here.
Found a stone staircase leading up.
You hear a shout!
Terence the Incautious comes into view.
He is wielding a +0 trident.
Casting: Foxfire (safe; 5% risk of failure)
Confirm with . or Enter, or press ? or * to list all spells.
You conjure some foxfire!
Reach: c) +0 spear
Press: ? - help, Dir - move target, f - Terence
Aim: Terence, wielding a +0 trident and wearing a +0 chain mail (ally target, about 33% to evade your +0 spear)
You reach to attack!
You hit Terence.
Terence is lightly wounded.
The foxfire hits Terence but does no damage.
Terence is lightly wounded.
Terence says, "Don't bother to defend, it's pointless."
Terence drinks a potion.
Terence seems to grow stronger.
Reach: c) +0 spear
Press: ? - help, Dir - move target, f/p - Terence
Aim: Terence, wielding a +0 trident and wearing a +0 chain mail (lightly wounded, strong, ally target, about 33% to evade your +0 spear)
You reach to attack!
You hit Terence.
Terence is moderately wounded.
Your foxfire dissipates!
Terence hits you from afar with a +0 trident.
Casting: Foxfire (safe; 5% risk of failure)
Confirm with . or Enter, or press ? or * to list all spells.
You conjure some foxfire!
Terence hits you from afar with a +0 trident!
The foxfire hits Terence but does no damage.
Terence is moderately wounded.
The foxfire hits Terence but does no damage.
Terence is moderately wounded.
Terence hits you with a +0 trident!
You die...

#.# #.. #<# # #.#
##. #.# #...###.#
#..@.§# #@§#####
##... #§§....#
#... #.####.# ...
#.# #.# ... #.#
#.# #.# #.# #.#
#.####
#.####.######.##..
#................#
######>######.####


You could see Terence (strong).

Vanquished Creatures
  2 adders
  3 dart slugs
  An orc (D:3)
  4 ball pythons
  4 endoplasms
  2 giant cockroaches
  3 goblins (D:1)
  7 hobgoblins
  2 jackals (D:1)
  2 quokkas
  5 bats
  12 frilled lizards
  5 kobolds
  3 rats
55 creatures vanquished.

Vanquished Creatures (others)
  43 foxfires
  8 plants (D:1)
51 creatures vanquished.

Grand Total: 106 creatures vanquished

Notes
Turn   | Place    | Note
-------+----------+-------------------------------------------
     0 | D:1      | zlionsfan the Octopode Fire Elementalist began the quest
                  | for the Orb.
     0 | D:1      | Reached XP level 1. HP: 11/11 MP: 3/3
    61 | D:1      | Found a faded altar of an unknown god.
    62 | D:1      | Noticed an eye of devastation
    64 | D:1      | Noticed a golden eye
    64 | D:1      | Noticed a golden eye
    64 | D:1      | Noticed a shining eye
    94 | D:1      | Learned a level 1 spell: Sandblast
    96 | D:1      | Prayed at the altar of an unknown god.
    96 | D:1      | Became a worshipper of Qazlal Stormbringer
    96 | D:1      | Reached * piety under Qazlal
   199 | D:1      | Reached XP level 2. HP: 13/17 MP: 1/5
   493 | D:1      | Reached XP level 3. HP: 16/21 MP: 3/6
   891 | D:1      | Reached ** piety under Qazlal
   892 | D:1      | Reached skill level 4 in Fire Magic
  1446 | D:2      | Reached XP level 4. HP: 26/27 MP: 7/7
  2233 | D:3      | Noticed Terence
  2240 | D:3      | Slain by Terence

Illustrated notes

Levels and vault maps discovered:
D:1:      lightli_arrival_quake, layout_rooms,
          hellmonk_ecumenical_altar_watching_god, st_stairs_13,
          minmay_lizard_king
D:2:      layout_basic, nicolae_hexahallways
D:3:      layout_loops_ring, serial_shops, nicolae_shop_stone, uniq_terence

Skill      XL: |  1  2  3 |
---------------+----------+-----
Stealth        | 3 |  3.2
Fire Magic     | 4 |  4.2
Fighting       | |  0.4
Polearms       | |  0.8
Dodging        | |  2.1
Spellcasting   | |  2.4
Conjurations   | |  1.1

Action                   |  1- 3 |  4- 6 || total
-------------------------+-------+-------++-------
Melee: Spear             |    61 |    31 ||    92
       Constrict         |    17 |     6 ||    23
       Tentacles         |    12 |     4 ||    16
 Cast: Foxfire           |    19 |     6 ||    25
Armor: Skin              |    10 |     1 ||    11
Dodge: Dodged            |    29 |    10 ||    39
Block: Other             |     3 |     4 ||     7
